 Seeded DCSS version 0.31-a0-818-ge7c7cf74f0 (webtiles) character file.

Game seed: 7675213799449126042 (custom seed)

2788 bmack86 the Cleaver (level 9, -1/70 HPs)
             Began as a Minotaur Fighter on Sept 22, 2023.
             Was an Initiate of Okawaru.
             Killed from afar by an orc wizard (10 damage)
             ... with a puff of flame
             ... on level 8 of the Dungeon.
             The game lasted 00:15:20 (7356 turns).

bmack86 the Cleaver (Minotaur Fighter)              Turns: 7356, Time: 00:15:21

Health: -1/70      AC: 13    Str: 24    XL:     9   Next: 43%
Magic:  9/9        EV:  8    Int:  5    God:    Okawaru [......]
Gold:   479        SH:  5    Dex: 11    Spells: 8/8 levels left

rFire   . . .        a - +0 war axe
rCold   . . .        c - +0 buckler
rNeg    . . .        x - +0 chain mail
rPois   .            (helmet restricted)
rElec   .            (no cloak)
rCorr   +            h - +0 pair of gloves
SInv    .            e - +2 pair of boots
Will    .....        F - amulet of regeneration Stlth
                     i - ring of resist corrosion
HPRegen 1.11/turn    (no ring)
MPRegen 0.11/turn

%: no passive effects
@: on berserk cooldown, slowed, very slow
A: horns 2, retaliatory headbutt
a: Renounce Religion


You were on level 8 of the Dungeon.
You worshipped Okawaru.
Okawaru was noncommittal.
You visited 2 branches of the dungeon, and saw 9 of its levels.
You also visited: Sewer.

You collected 479 gold pieces.

Inventory:

Hand Weapons
 a - a +0 war axe (weapon)
Missiles
 m - 9 javelins (quivered)
 t - 5 curare-tipped darts
 B - 6 throwing nets
Armour
 b - a +0 scale mail
 c - a +0 buckler (worn)
 e - a +2 pair of boots (worn)
 h - a +0 pair of gloves (worn)
 x - a +0 chain mail (worn)
Jewellery
 i - a ring of resist corrosion (left hand)
 A - a ring of magical power
 F - an amulet of regeneration (around neck)
Wands
 y - a wand of flame (10)
 D - a wand of charming (9)
 I - a wand of roots (2)
Scrolls
 f - 2 scrolls of torment {unknown}
 g - 3 scrolls of noise {unknown}
 o - 2 scrolls of blinking {unknown}
 q - 2 scrolls of teleportation {unknown}
 r - 4 scrolls of fog {unknown}
 s - 2 scrolls of amnesia {unknown}
 z - a scroll of enchant armour {unknown}
 C - a scroll of fear {unknown}
 E - a scroll of acquirement {unknown}
 H - a scroll of immolation {unknown}
 K - a scroll of enchant weapon {unknown}
Potions
 d - 3 potions of might
 j - 2 potions of curing
 k - 2 potions of attraction
 l - a potion of magic
 p - 3 potions of enlightenment
 u - a potion of brilliance
 v - a potion of haste
 w - 2 potions of invisibility
 G - a potion of heal wounds {unknown}
 J - a potion of mutation {unknown}


   Skills:
 - Level 3.6 Fighting
 + Level 14.7 Axes
 - Level 3.6 Armour
 - Level 5.0 Shields
 + Level 2.4 Invocations


You had 8 spell levels left.
You didn't know any spells.
Your spell library contained the following spells:

 Spells                   Type           Power      Damage    Failure   Level
 Freeze                   Ice            0%         1d3       98%         1
 Cigotuvi's Dreadful Rot  Necr/Pois/Air  0%         N/A       99%         2
 Frozen Ramparts          Ice            0%         1d1       100%        3
 Hailstorm                Conj/Ice       0%         3d3       100%        3
 Dispel Undead            Necr           0%         3d6       100%        4
 Death Channel            Necr           Unusable   N/A       N/A         6

Dungeon Overview and Level Annotations

Branches:
Dungeon (8/15)             Temple (1/1) D:7           Sewer (visited)
   Lair: D:8-11

Altars:
Ashenzari
Cheibriados
Dithmenos
Elyvilon
Fedhas
Gozag
Kikubaaqudgha
Makhleb
Okawaru
Qazlal
Ru
Sif Muna
Trog
Vehumet
Wu Jian
Xom
Yredelemnul
Zin
The Shining One

Shops:
D:4 :   D:6 :([(

Annotations:
Temple 2 transporters


Innate Abilities, Weirdness & Mutations

You have a pair of horns on your head.
You reflexively headbutt those who attack you in melee.


Message History

You kill the orc warrior!
Okawaru accepts your kill.
You barely miss something. You barely miss the orc warrior.
The orc warrior is heavily wounded.
You hit something.
The orc warrior hits you but does no damage.
You hear some strange, mumbled words.
You are confused.
You closely miss the orc warrior.
The orc warrior is heavily wounded.
You miss something.
You bump into the rock wall.
Something hits you but does no damage. The orc warrior barely misses you.
You feel a strong urge to attack something.
You hear some strange, mumbled words.
A magic dart appears from out of thin air!
The magic dart hits you but does no damage.
The orc warrior hits you with a +0 war axe!
* * * LOW HITPOINT WARNING * * *
Things that are here:
a +0 club; 2 boomerangs; a +0 ring mail You are no longer berserk.
You are exhausted.
You feel yourself slow down.
You barely miss the orc warrior.
The orc warrior is heavily wounded.
You barely miss something. Something hits you but does no damage.
The orc warrior hits you but does no damage.
You closely miss the orc warrior. Your headbutt misses the orc warrior.
The orc warrior is heavily wounded.
You miss something.
You feel less confused. Something hits you but does no damage.
The orc warrior barely misses you. The orc warrior misses you.
You furiously retaliate!
You headbutt the orc warrior!
You hear some strange, mumbled words.
A puff of flame appears from out of thin air!
The puff of flame hits you!
You die...

#.# #######'#######.
................
######..####+#######
....................
............#......
.............# ..
...........o.#.#
###########@).#
#){..# .'....#
###.....# #......#
.......# .......#
........#


You could see an orc warrior.

Vanquished Creatures
  A troll (D:7)
  A hornet (D:7)
  A steam dragon (D:8)
  A water moccasin (D:7)
  3 ice beasts
  3 black bears
  An orc warrior (D:8)
  A sky beast (D:7)
  A centaur (D:7)
  A phantom (D:5)
  3 kobold brigands (Sewer)
  2 scorpions
  A howler monkey (D:5)
  4 jellies
  5 orc priests
  3 hounds
  3 orc wizards
  21 gnolls
  2 river rats
  12 adders
  2 white imps
  2 worms
  2 dart slugs
  21 orcs
  11 ball pythons
  12 bats
  6 endoplasms
  3 giant cockroaches
  7 goblins
  4 hobgoblins
  4 jackals
  3 quokkas
  11 frilled lizards
  8 kobolds
  10 rats
176 creatures vanquished.

Notes
Turn   | Place    | Note
-------+----------+-------------------------------------------
     0 | D:1      | bmack86 the Minotaur Fighter began the quest for the Orb.
     0 | D:1      | Reached XP level 1. HP: 19/19 MP: 0/0
   269 | D:1      | Reached XP level 2. HP: 26/26 MP: 1/1
   446 | D:1      | Reached skill level 3 in Axes
   476 | D:1      | Found a faded altar of an unknown god.
   835 | D:2      | Identified the +0 robe "Hoxzor" {rF+ Int-5 SInv Archmagi}
   959 | D:2      | Reached XP level 3. HP: 26/31 MP: 2/2
  1058 | D:2      | Reached skill level 5 in Shields
  1363 | D:2      | Reached skill level 4 in Axes
  1447 | D:2      | Reached XP level 4. HP: 39/39 MP: 3/3
  1660 | D:3      | Found a glowing drain.
  1760 | D:3      | Reached skill level 5 in Axes
  1818 | Sewer    | Entered a sewer
  1929 | Sewer    | Noticed a kobold brigand
  1936 | Sewer    | Killed a kobold brigand
  1937 | Sewer    | Reached skill level 6 in Axes
  1937 | Sewer    | Reached XP level 5. HP: 42/45 MP: 4/4
  2049 | Sewer    | Reached skill level 7 in Axes
  2049 | Sewer    | Reached XP level 6. HP: 15/51 MP: 5/5
  2857 | D:3      | Found a blossoming altar of Fedhas.
  2872 | D:3      | Reached skill level 8 in Axes
  3498 | D:4      | Found Caath's Book Emporium.
  3532 | D:4      | Reached XP level 7. HP: 42/57 MP: 6/6
  3535 | D:4      | Reached skill level 9 in Axes
  3873 | D:4      | Found a radiant altar of Vehumet.
  4424 | D:5      | Entered Level 5 of the Dungeon
  4561 | D:5      | Reached skill level 10 in Axes
  4856 | D:5      | Reached XP level 8. HP: 60/64 MP: 7/7
  4894 | D:5      | Identified the +0 ring mail of Untold Secrets {Regen+
                  | Int+4}
  4995 | D:5      | Reached skill level 11 in Axes
  5364 | D:6      | Found a basalt altar of Yredelemnul.
  5392 | D:6      | Found Suxuff's Weapon Shoppe.
  5464 | D:6      | Found Wukis's Book Boutique.
  5582 | D:6      | Found Junyox's Weapon Shop.
  5683 | D:6      | Found Pularphua's Antique Armour Emporium.
  5965 | D:6      | Found an ornate altar of the Wu Jian Council.
  5971 | D:6      | Reached skill level 12 in Axes
  6163 | D:7      | Noticed a troll
  6176 | D:7      | Killed a troll
  6177 | D:7      | Reached skill level 13 in Axes
  6292 | D:7      | Reached XP level 9. HP: 68/70 MP: 8/8
  6463 | D:7      | Found a staircase to the Ecumenical Temple.
  6477 | D:7      | Reached skill level 14 in Axes
  6503 | Temple   | Found a transporter.
  6503 | Temple   | Found a transporter.
  6503 | Temple   | Found a transporter.
  6503 | Temple   | Found a transporter.
  6503 | Temple   | Entered the Ecumenical Temple
  6520 | Temple   | Became a worshipper of Warmaster Okawaru
  6654 | D:7      | Reached skill level 1 in Invocations
  7346 | D:8      | HP: 1/70 [orc warrior/+0 mace (4)]
  7356 | D:8      | Killed from afar by an orc wizard

Illustrated notes

Levels and vault maps discovered:
D:1:      dpeg_arrival_another_circle, layout_loops_ring,
          shapermc_ecumenical_altar_mp_highgroup
D:2:      layout_basic, minmay_surrounded
D:3:      layout_basic, mainiacjoe_overflow_tiny_flanked, portal_sewer_entry_b,
          grunt_decor_junction
D:4:      layout_cave_pods, vehumet_altar_wand_db, serial_shops,
          nicolae_lakefront_shop
D:5:      layout_cave_pools
D:6:      layout_gridville, mainiacjoe_overflow_concentric_impassable,
          lemuel_doored_altar, serial_shops, nicolae_shop_real_fake_doors, shop,
          shop, shop
D:7:      layout_gridville, minmay_temple_entry_statues
D:8:      layout_gridville, minmay_door_square, minmay_misc_feat_secret_circle,
          uniq_gastronok
Temple:   hellmonk_temple_divided_pantheon

Skill      XL: |  1  2  3  4  5  6  7  8  9 |
---------------+----------------------------+-----
Shields        | 4 5 |  5.0
Axes           | 3 4 6 7 8 10 13 14 | 14.7
Invocations    | 2 |  2.4
Fighting       | |  3.6
Armour         | |  3.6

Action                     |  1- 3 |  4- 6 |  7- 9 || total
---------------------------+-------+-------+-------++-------
  Melee: War axe           |    74 |   164 |   222 ||   460
         Headbutt          |     6 |    27 |    34 ||    67
  Throw: Javelin           |       |     3 |       ||     3
    Use: Scroll            |       |     4 |     4 ||     8
         Potion            |       |       |     2 ||     2
 Armour: Scale mail        |    62 |   103 |       ||   165
         Chain mail        |       |    14 |   249 ||   263
  Dodge: Dodged            |    60 |    56 |   112 ||   228
  Block: Buckler           |    13 |    46 |    51 ||   110

Table legend: (Time is in decaauts)
 A = Elapsed time spent in this place.
 B = Non-inter-level travel time spent in this place.
 C = Inter-level travel time spent in this place.
 D = Time resting spent in this place.
 E = Time spent auto-exploring this place.
 F = Levels seen in this place.
 G = Mean time per level.
                   A        B        C        D        E       F      G
               +--------+--------+--------+--------+--------+-----+--------+
         Total |   7566 |   7343 |    223 |    319 |   4826 |  10 |  756.6 |
       Dungeon |   6434 |   6220 |    214 |    198 |   4345 |   8 |  804.2 |
        Temple |     35 |     26 |      9 |      0 |      0 |   1 |   35.0 |
         Sewer |   1095 |   1095 |      0 |    121 |    481 |   1 | 1095.0 |
               +--------+--------+--------+--------+--------+-----+--------+

Top non-repeatable levels by time:
   Sewer: 1095 daAuts
     D:4: 1062 daAuts
     D:7: 979 daAuts
     D:3: 934 daAuts
     D:1: 842 daAuts
     D:2: 834 daAuts
     D:5: 815 daAuts
     D:6: 743 daAuts
     D:8: 222 daAuts
  Temple: 35 daAuts
